 Dungeon Crawl Stone Soup version 0.24.0-123-gd5b16e6ec5 (webtiles) character file.

Game seed: 3236364301329485205, levelgen mode: deterministic

164 FishyPogo the Charmwright (level 5, -4/43 HPs)
             Began as a Gnoll Skald on Jan 25, 2020.
             Slain by Blork the orc
             ... wielding a +2 glaive of freezing
              (9 damage)
             ... on level 4 of the Dungeon.
             The game lasted 00:05:16 (1136 turns).

FishyPogo the Charmwright (Gnoll Skald)             Turns: 1136, Time: 00:05:17

Health: -4/43      AC:  5    Str: 15    XL:     5   Next: 45%
Magic:  7/12       EV: 14    Int: 15    God:
Gold:   55         SH:  0    Dex: 14    Spells: 3/14 levels left

rFire    . . .     SeeInvis .   a - +0 short sword
rCold    + . .     Gourm    .   (no shield)
rNeg     . . .     Faith    .   m - +2 leather armour {rC+}
rPois    .         Spirit   .   (no helmet)
rElec    .         Reflect  .   (no cloak)
rCorr    .         Harm     .   (no gloves)
MR       .....                  (no boots)
Stlth    ++........             (no amulet)
HPRegen  0.14/turn              (no ring)
MPRegen  0.13/turn              (no ring)

@: lethally poisoned (-4 -> -9), infused
A: distributed training, fangs 1, strong nose
a: no special abilities


You were on level 4 of the Dungeon.
You were not hungry.

You visited 1 branch of the dungeon, and saw 4 of its levels.

You collected 55 gold pieces.

Inventory:

Hand Weapons
 a - a +0 short sword (weapon)
Missiles
 e - 119 stones (quivered)
 k - 18 poisoned darts
Armour
 m - a +2 leather armour of cold resistance (worn)
Scrolls
 c - 6 scrolls of identify {unknown}
 h - a scroll of noise {unknown}
 j - a scroll of magic mapping {unknown}
 l - a scroll of remove curse {unknown}
Potions
 f - a potion of curing {unknown}
 g - a potion of lignification {unknown}
 i - a potion of haste {unknown}
Comestibles
 b - 2 chunks of flesh
 d - 4 rations


   Skills:
 + Level 4.8 Fighting
 + Level 4.8 Short Blades
 + Level 1.4 Long Blades
 + Level 1.4 Axes
 + Level 1.4 Maces & Flails
 + Level 1.4 Polearms
 + Level 1.4 Staves
 + Level 1.4 Slings
 + Level 1.4 Bows
 + Level 1.4 Crossbows
 + Level 1.4 Throwing
 + Level 3.0 Armour
 + Level 4.8 Dodging
 + Level 1.4 Stealth
 + Level 1.4 Shields
 + Level 1.4 Unarmed Combat
 + Level 5.2 Spellcasting
 + Level 1.1 Conjurations
 + Level 1.1 Hexes
 + Level 5.5 Charms
 + Level 1.1 Summonings
 + Level 1.1 Necromancy
 + Level 1.1 Translocations
 + Level 1.1 Transmutations
 + Level 1.1 Fire Magic
 + Level 1.1 Ice Magic
 + Level 1.1 Air Magic
 + Level 1.1 Earth Magic
 + Level 1.1 Poison Magic
 + Level 1.6 Invocations
 + Level 1.4 Evocations


You had 3 spell levels left.
You knew the following spells:

 Your Spells              Type           Power        Failure   Level  Hunger
h - Regeneration          Chrm/Necr      ##........   14%         3    ###....
n - Spectral Weapon       Hex/Chrm       ##......     14%         3    ###....
p - Shroud of Golubria    Chrm/Tloc      ##....       8%          2    ##.....
u - Song of Slaying       Chrm           ###.....     3%          2    ##.....
y - Infusion              Chrm           ###.         1%          1    None

Your spell library contained the following spells:

 Spells                   Type           Power        Failure   Level  Hunger


Dungeon Overview and Level Annotations

Branches:
Dungeon (4/15)
 Temple: D:4-7

Altars:

Annotations:
D:4 Blork the orc, Edmund


Innate Abilities, Weirdness & Mutations

Your experience applies equally to all skills.
You have very sharp teeth.
Your uncanny sense of smell can sniff out nearby items.


Message History

Blork the orc flickers and vanishes!
Deactivating autopickup; reactivate with Ctrl-A.
You feel sick.
You feel sick.
You feel sick.
Edmund hits your spectral weapon with a +5 dire flail of venom!
Your spectral weapon shares its damage with you!
You feel sick.
You feel sick.
You feel sick.
You feel sick.
You feel sick. Something hits you.
* * * LOW HITPOINT WARNING * * *
* * * LOW HITPOINT WARNING * * *
You feel sick.
* * * LOW HITPOINT WARNING * * *
You feel sick.
* * * LOW HITPOINT WARNING * * *
You feel sick. Something hits you!
You die...

#..........#.##.
#............... #
##.##..........# ##.
###......<....# #..
#####'§####.. #...
###§§§.§§≈≈#
###...####..#§≈§..≈≈≈# .
#......#....#≈§§...≈§#..
.......@(...+..§≈....'..
##.#...#@...+...§§...'..
##.###{#.#≈§...§§≈#.. #
####....#.###§≈≈§.§§≈#..
..#..#.#....# #§≈§.§≈≈§#
.
......##...######'§####
#......#............# ∆
##....#................
#..........###.........


You could see Edmund and a friendly spectral +0 short sword.

Vanquished Creatures
  A howler monkey (D:4)
  A hound (D:3)
  An iguana (D:4)
  A gnoll (D:1)
  2 adders (D:3)
  An ooze (D:3)
  2 adder skeletons (D:4)
  2 dart slugs
  A leopard gecko (D:3)
  6 orcs
  A giant cockroach (D:1)
  2 goblins
  A hobgoblin (D:3)
  A quokka (D:3)
  A bat (D:1)
  A frilled lizard (D:3)
  2 kobolds (D:3)
  A leopard gecko skeleton (D:4)
  A rat (D:3)
29 creatures vanquished.

Vanquished Creatures (others)
  A spectral weapon (D:4)
1 creature vanquished.

Grand Total: 30 creatures vanquished

Notes
Turn   | Place    | Note
-------+----------+-------------------------------------------
     0 | D:1      | FishyPogo the Gnoll Skald began the quest for the Orb.
     0 | D:1      | Reached XP level 1. HP: 20/20 MP: 6/6
    14 | D:1      | Reached XP level 2. HP: 25/26 MP: 2/7
    75 | D:1      | Learned a level 2 spell: Song of Slaying
    78 | D:1      | Learned a level 2 spell: Shroud of Golubria
   386 | D:3      | Reached XP level 3. HP: 19/31 MP: 9/9
   388 | D:3      | Reached skill level 5 in Spellcasting
   396 | D:3      | Learned a level 3 spell: Regeneration
   402 | D:3      | Learned a level 3 spell: Spectral Weapon
   615 | D:3      | Reached skill level 1 in Long Blades
   615 | D:3      | Reached skill level 1 in Axes
   615 | D:3      | Reached skill level 1 in Maces & Flails
   615 | D:3      | Reached skill level 1 in Polearms
   615 | D:3      | Reached skill level 1 in Staves
   615 | D:3      | Reached skill level 1 in Slings
   615 | D:3      | Reached skill level 1 in Bows
   615 | D:3      | Reached skill level 1 in Crossbows
   615 | D:3      | Reached skill level 1 in Throwing
   615 | D:3      | Reached skill level 1 in Stealth
   615 | D:3      | Reached skill level 1 in Shields
   615 | D:3      | Reached skill level 1 in Unarmed Combat
   615 | D:3      | Reached skill level 1 in Invocations
   615 | D:3      | Reached skill level 1 in Evocations
   615 | D:3      | Reached XP level 4. HP: 27/38 MP: 6/11
   687 | D:4      | Noticed a two-headed ogre
   984 | D:3      | Reached skill level 1 in Conjurations
   984 | D:3      | Reached skill level 1 in Hexes
   984 | D:3      | Reached skill level 1 in Summonings
   984 | D:3      | Reached skill level 1 in Necromancy
   984 | D:3      | Reached skill level 1 in Translocations
   984 | D:3      | Reached skill level 1 in Transmutations
   984 | D:3      | Reached skill level 1 in Fire Magic
   984 | D:3      | Reached skill level 1 in Ice Magic
   984 | D:3      | Reached skill level 1 in Air Magic
   984 | D:3      | Reached skill level 1 in Earth Magic
   984 | D:3      | Reached skill level 1 in Poison Magic
  1032 | D:4      | Reached XP level 5. HP: 34/43 MP: 5/12
  1114 | D:4      | Noticed Edmund
  1117 | D:4      | Noticed Blork the orc
  1136 | D:4      | Slain by Blork the orc

Levels and vault maps discovered:
D:1:      eino_arrival_water_cross, layout_basic
D:2:      kennysheep_six_static_rooms, layout_basic,
          chequers_ecumenical_altar_twisty, first_ration, grunt_ministairs_9
D:3:      layout_basic, lemuel_crystal_altar, hex_intersection
D:4:      layout_cave_pools, kennysheep_generic_room_4, uniq_blork_the_orc,
          uniq_edmund

Skill      XL: |  1  2  3  4  5 |
---------------+----------------+-----
Spellcasting   | 5 |  5.2
Long Blades    | 1 |  1.4
Axes           | 1 |  1.4
Maces & Flails | 1 |  1.4
Polearms       | 1 |  1.4
Staves         | 1 |  1.4
Slings         | 1 |  1.4
Bows           | 1 |  1.4
Crossbows      | 1 |  1.4
Throwing       | 1 |  1.4
Stealth        | 1 |  1.4
Shields        | 1 |  1.4
Unarmed Combat | 1 |  1.4
Invocations    | 1 |  1.6
Evocations     | 1 |  1.4
Conjurations   | 1 |  1.1
Hexes          | 1 |  1.1
Summonings     | 1 |  1.1
Necromancy     | 1 |  1.1
Translocations | 1 |  1.1
Transmutations | 1 |  1.1
Fire Magic     | 1 |  1.1
Ice Magic      | 1 |  1.1
Air Magic      | 1 |  1.1
Earth Magic    | 1 |  1.1
Poison Magic   | 1 |  1.1
Armour         | 3 |  3.0
Fighting       | |  4.8
Short Blades   | |  4.8
Dodging        | |  4.8
Charms         | |  5.5

Action                   |  1- 3 |  4- 6 || total
-------------------------+-------+-------++-------
Melee: Short sword       |    39 |    76 ||   115
       Bite              |     4 |     7 ||    11
       Punch             |       |     1 ||     1
Throw: Stone             |     1 |     1 ||     2
 Cast: Infusion          |     2 |     1 ||     3
       Regeneration      |     2 |     3 ||     5
       Shroud of Golubri |     1 |     6 ||     7
       Spectral Weapon   |       |     3 ||     3
       Song of Slaying   |       |     1 ||     1
 Stab: Sleeping          |     1 |       ||     1
  Eat: Chunk             |       |     2 ||     2
Armor: Leather armour    |     2 |    12 ||    14
Dodge: Dodged            |    27 |    69 ||    96
